 Dungeon Crawl Stone Soup version 0.23-a0-625-g1d2cd9b (webtiles) character file.

907 Leeroy the Carver (level 8, 0/57 HPs)
             Began as a Barachi Skald on Dec 24, 2018.
             Was a Believer of Nemelex Xobeh.
             Slain by a killer bee (4 damage)
             ... summoned by the player character
             ... on level 6 of the Dungeon.
             The game lasted 00:28:45 (5014 turns).

Leeroy the Carver (Barachi Skald)                   Turns: 5014, Time: 00:28:46

Health: 0/57       AC: 10    Str: 17    XL:     8   Next: 8%
Magic:  4/11       EV: 18    Int: 17    God:    Nemelex Xobeh [**....]
Gold:   354        SH:  0    Dex: 11    Spells: 2/11 levels left

rFire    . . .     SeeInvis .   a - +0 falchion
rCold    + . .     Gourm    .   (no shield)
rNeg     . . .     Faith    .   t - +2 leather armour {rC+}
rPois    .         Spirit   .   (no helmet)
rElec    .         Reflect  .   h - +2 cloak
rCorr    .         Harm     .   u - +0 pair of gloves
MR       .....                  B - +0 pair of boots
Stlth    +.........             (no amulet)
HPRegen  0.19/turn              v - +6 ring of evasion
MPRegen  0.12/turn              (no ring)

@: mighty, can't hop, hasted (expiring), quick
A: +LOS, swims, slowness 1, strong legs 1
a: Hop, Draw Escape, Draw Destruction, Draw Summoning, Renounce Religion


You were on level 6 of the Dungeon.
You worshipped Nemelex Xobeh.
Nemelex Xobeh was pleased with you.
You were not hungry.

You visited 2 branches of the dungeon, and saw 7 of its levels.

You collected 354 gold pieces.

Inventory:

Hand Weapons
 a - a +0 falchion (weapon)
 n - a +0 spear
 x - a +2 short sword of venom
 y - a cursed -2 quarterstaff
 D - a +0 hunting sling
 O - a +0 trident
 R - a +0 arbalest
 S - a +0 flail of holy wrath
 T - a +0 hand axe of freezing
 V - a +0 rapier
 X - a +0 whip of venom
 Y - a +0 giant spiked club
Missiles
 c - 86 sling bullets
 q - 73 stones
 r - 27 poisoned needles
 s - 12 javelins
 H - a throwing net
 J - 26 arrows
 P - 4 tomahawks (quivered)
Armour
 b - a +0 leather armour
 e - a +0 shield
 h - a +2 cloak (worn)
 t - a +2 leather armour of cold resistance (worn)
 u - a +0 pair of gloves (worn)
 z - a +0 large shield
 A - a +0 ring mail
 B - a +0 pair of boots (worn)
 E - a +0 buckler
 N - a +0 plate armour of cold resistance
 U - a +0 leather armour
 W - a +3 chain mail
Jewellery
 i - an uncursed amulet of guardian spirit
 v - a +6 ring of evasion (left hand)
Wands
 G - a wand of random effects (20)
Scrolls
 g - 3 scrolls of teleportation {unknown}
 j - 3 scrolls of remove curse {unknown}
 k - 3 scrolls of amnesia {unknown}
 m - 2 scrolls of fog {unknown}
 F - a scroll of magic mapping {unknown}
 K - 2 scrolls of fear {unknown}
Potions
 f - a potion of berserk rage {unknown}
 l - a potion of lignification {unknown}
 p - a potion of invisibility {unknown}
 w - 3 potions of haste
 I - 2 potions of degeneration {unknown}
 L - 2 potions of resistance {unknown}
 M - a potion of flight {unknown}
 Q - a potion of heal wounds {unknown}
Comestibles
 d - 8 rations


   Skills:
 - Level 2.4 Fighting
 + Level 8.7 Long Blades
 - Level 0.1 Throwing
 - Level 2.3 Armour
 - Level 3.0 Dodging
 - Level 0.5 Stealth
 * Level 2.7 Shields
 - Level 2.1 Spellcasting
 * Level 3.0 Hexes
 - Level 4.1 Charms
 - Level 0.1 Invocations


You had 2 spell levels left.
You knew the following spells:

 Your Spells              Type           Power        Failure   Level  Hunger
a - Infusion              Chrm           ###.         4%          1    #......
b - Shroud of Golubria    Chrm/Tloc      #.........   14%         2    ###....
c - Spectral Weapon       Hex/Chrm       ##......     16%         3    ###....
d - Dazzling Spray        Conj/Hex       #.....       36%         3    ###....

Your spell library contained the following spells:

 Spells                   Type           Power        Failure   Level  Hunger
 Song of Slaying          Chrm           ###.....     6%          2    ###....
 Corona                   Hex            ##.....      7%          1    #......
 Ensorcelled Hibernation  Hex/Ice        #.....       19%         2    ###....
 Confuse                  Hex            ##......     21%         3    ###....
 Tukima's Dance           Hex            ##......     21%         3    ###....
 Regeneration             Chrm/Necr      #.........   28%         3    ###....


Dungeon Overview and Level Annotations

Branches:
Dungeon (6/15)             Temple (1/1) D:4

Altars:
Ashenzari
Cheibriados
Dithmenos
Elyvilon
Fedhas
Gozag
Hepliaklqana
Kikubaaqudgha
Makhleb
Nemelex Xobeh
Okawaru
Qazlal
Ru
Sif Muna
Trog
Uskayaw
Vehumet
Wu Jian
Xom
Yredelemnul
Zin
The Shining One

Annotations:
D:5 3 runed doors, Killmatronix's ghost, novice DrWn
D:6 Eustachio; Prince Ribbit


Innate Abilities, Weirdness & Mutations

Shadows flee at your approach. (+LOS)
You can swim through water.
You cover ground slowly.
You can hop short distances.


Message History

Your insubstantial wisp hits the insubstantial wisp.
Unknown command.
The white imp disappears in a puff of smoke!
Your insubstantial wisp blinks!
You draw a card...
You have drawn Foxfire.
The quasit disappears in a puff of smoke!
Prince Ribbit blinks!
Unknown command.
Hop to where?
Press: ? - help, Dir - move target cursor Boing!
Eustachio casts a spell.
Eustachio blinks!
Your killer bee stings the killer bee.
Your killer bee stings the killer bee.
Your extra speed is starting to run out.
Your killer bee misses the killer bee.
Your killer bee barely misses the insubstantial wisp.
The insubstantial wisp blinks!
The killer bee stings you.
You die...
Your body disappears without a glow.

#..#########.###.#...#.#)#####.##
#..# #........#.#####.#.# #.##
#..# #........#.## #<#.# #.##
#..####...#.#.#.#.######.#####.##
#.....#.....v.§...)..........#.##
#.###.#..§#...§y..####..........#
#.# #.#....§§...y..# #.#####....#
#.# #.###.#.§...y.## #..###......
..###.# #....>r.@..# #...#.....#.
....#.# #.#v......## #.8.#.8..##.
....#.# #..........###...#....###
......###.#.#r#.#.###...###...# #
....##......r###...##..#####..###
....##..@..F.# #.#.....§(.....'..
....##....§..# #.#####........###
######.......# #....5..<#.r)..# #
#.......###.@.##5.§...F..# #


You could see Eustachio, Prince Ribbit, a killer bee, a river rat, 2 rats, 2
friendly insubstantial wisps and 2 friendly killer bees.

Vanquished Creatures
  Menkaure (D:4)
  A sky beast (D:6)
  A scorpion (D:6)
  A crimson imp (D:6)
  2 hounds (D:5)
  2 orc wizards
  A centaur skeleton (D:4)
  3 worker ants
  4 gnolls (D:6)
  A howler monkey skeleton (D:2)
  7 adders
  2 oozes
  3 worms
  2 dart slugs
  2 leopard geckos
  13 orcs
  2 giant cockroaches
  4 goblins
  4 hobgoblins
  8 jackals
  2 quokkas
  4 ball pythons
  6 bats
  3 frilled lizards
  8 kobolds
  10 rats
97 creatures vanquished.

Vanquished Creatures (collateral kills)
  Duvessa (D:6)
  An ogre (D:6)
  Dowan (D:6)
  A hound (D:6)
4 creatures vanquished.

Vanquished Creatures (others)
  A jelly (D:4)
  A spectral weapon (D:6)
2 creatures vanquished.

Grand Total: 103 creatures vanquished

Notes
Turn   | Place    | Note
-------+----------+-------------------------------------------
     0 | D:1      | Leeroy the Barachi Skald began the quest for the Orb.
     0 | D:1      | Reached XP level 1. HP: 17/17 MP: 3/3
    92 | D:1      | Reached XP level 2. HP: 16/23 MP: 5/5
    96 | D:1      | Learned a level 2 spell: Shroud of Golubria
   129 | D:1      | Found a sparkling altar of Nemelex Xobeh.
   135 | D:1      | Became a worshipper of Nemelex Xobeh the Trickster
   136 | D:1      | Received a gift from Nemelex Xobeh
   195 | D:1      | Reached skill level 3 in Long Blades
  1055 | D:2      | Reached XP level 3. HP: 15/28 MP: 0/6
  1060 | D:2      | Learned a level 3 spell: Spectral Weapon
  1224 | D:2      | Reached skill level 4 in Long Blades
  1331 | D:2      | Reached * piety under Nemelex Xobeh
  1377 | D:2      | Reached XP level 4. HP: 31/34 MP: 7/7
  1448 | D:2      | Received a gift from Nemelex Xobeh
  1993 | D:3      | Reached skill level 5 in Long Blades
  2054 | D:3      | Reached XP level 5. HP: 39/39 MP: 8/8
  2061 | D:3      | Found a sacrificial altar of Ru.
  2503 | D:4      | Reached skill level 6 in Long Blades
  2593 | D:4      | Noticed Menkaure
  2603 | D:4      | Killed Menkaure
  2603 | D:4      | Reached skill level 7 in Long Blades
  2603 | D:4      | Reached XP level 6. HP: 36/46 MP: 3/9
  2607 | D:4      | Reached ** piety under Nemelex Xobeh
  2920 | D:4      | Found a staircase to the Ecumenical Temple.
  2931 | Temple   | Entered the Ecumenical Temple
  3170 | D:5      | Entered Level 5 of the Dungeon
  3435 | D:4      | Reached XP level 7. HP: 26/51 MP: 2/10
  3516 | D:5      | Learned a level 3 spell: Dazzling Spray
  3574 | D:5      | Found a runed gate.
  3575 | D:5      | Found a runed gate.
  3576 | D:5      | Found a runed gate.
  3579 | D:5      | Noticed Killmatronix's ghost (novice DrWn)
  3586 | D:5      | Received a gift from Nemelex Xobeh
  3756 | D:5      | Reached skill level 1 in Shields
  3766 | D:5      | Reached skill level 1 in Hexes
  4226 | D:6      | Reached skill level 8 in Long Blades
  4266 | D:6      | Noticed Prince Ribbit
  4402 | D:6      | Received a gift from Nemelex Xobeh
  4686 | D:6      | Noticed Duvessa
  4694 | D:6      | Noticed Dowan
  4703 | D:6      | Killed Dowan
  4712 | D:6      | Killed Duvessa
  4778 | D:6      | Reached XP level 8. HP: 27/57 MP: 2/11
  4896 | D:6      | Noticed Eustachio
  5014 | D:6      | Slain by a killer bee

Vault maps used:
D:1:      saegor_arrival_simple_c, nemelex_xobeh_ov_fountains_minmay
D:3:      overflow_temple_1_default, first_ration
D:4:      corexii_shack_village, temple_hall, serial_bayou_crossing,
          uniq_menkaure
D:5:      gammafunk_ghost_split
D:6:      mrwooster_statue_mirror, st_stairs_4, nicolae_benzene_ring,
          minmay_unpleasant_kobolds, uniq_prince_ribbit1, uniq_eustachio,
          uniq_duvessa
Temple:   minmay_crystal_snake_temple

Skill      XL: |  1  2  3  4  5  6  7  8 |
---------------+-------------------------+-----
Long Blades    | 3 4 5 7 8 |  8.7
Armour         | 2 |  2.3
Charms         | 4 |  4.1
Dodging        | 3 |  3.0
Shields        | 2 |  2.7
Hexes          | 2 3 |  3.0
Fighting       | |  2.4
Throwing       | |  0.1
Stealth        | |  0.5
Spellcasting   | |  2.1
Invocations    | |  0.1

Action                   |  1- 3 |  4- 6 |  7- 9 || total
-------------------------+-------+-------+-------++-------
Melee: Falchion          |    79 |   220 |   144 ||   443
       Short sword       |       |       |    24 ||    24
Throw: Stone             |       |     7 |    15 ||    22
       Tomahawk          |       |       |     5 ||     5
 Cast: Infusion          |     2 |       |     1 ||     3
       Shroud of Golubri |     1 |     3 |     3 ||     7
       Spectral Weapon   |       |     3 |     6 ||     9
       Dazzling Spray    |       |       |     4 ||     4
 Abil: Draw Summoning    |       |       |     5 ||     5
       Draw Escape       |       |       |     2 ||     2
       Hop               |       |       |     3 ||     3
       Draw Destruction  |       |       |     2 ||     2
  Use: Scroll            |     3 |     3 |     2 ||     8
       Potion            |       |     2 |     6 ||     8
 Stab: Sleeping          |     2 |       |       ||     2
  Eat: Chunk             |     2 |     6 |     3 ||    11
       Ration            |       |     1 |     2 ||     3
Armor: Leather armour    |    26 |    64 |    41 ||   131
Dodge: Dodged            |    50 |   197 |   178 ||   425
       Rpst.: Falchion   |    12 |    58 |    56 ||   126

Table legend:
 A = Non-vault XP
 B = Vault XP
 C = Vault XP percentage of total XP
 D = Non-vault monster count
 E = Vault monster count
 F = Vault count percentage of total count
                 A         B        C        D         E       F
            +---------+---------+-------+---------+---------+-------
      Total |    1010 |     286 |  22.1 |      93 |       9 |   8.8
            +---------+---------+-------+---------+---------+-------
        D:1 |      22 |       0 |   0.0 |      16 |       0 |   0.0
        D:2 |      67 |       0 |   0.0 |      21 |       0 |   0.0
        D:3 |     126 |       0 |   0.0 |      25 |       0 |   0.0
        D:4 |     236 |     175 |  42.6 |      10 |       4 |  28.6
        D:5 |     104 |       0 |   0.0 |       9 |       0 |   0.0
        D:6 |     455 |     111 |  19.6 |      12 |       5 |  29.4
            +---------+---------+-------+---------+---------+-------
